 Dungeon Sprint DCSS version 0.21.2 (webtiles) character file.

9300000 Fang the Conqueror (level 27, -5/249 HPs)
             Began as a Demonspawn Gladiator on Feb 7, 2019.
             Was the Champion of Makhleb.
             Killed by divine providence
             ... invoked by an accursed
              (10 damage)
             ... in the Dungeon (Sprint VIII: "Arena of Blood").
             The game lasted 00:02:32 (93 turns).

Fang the Conqueror (Demonspawn Gladiator)             Turns: 93, Time: 00:02:32

Health: -5/249     AC:  8    Str: 24    XL:     27
Magic:  36/54      EV: 31    Int: 13    God:    Makhleb [******]
Gold:   0          SH:  8    Dex: 15    Spells: 80/80 levels left

rFire    + . .     SeeInvis .   l - +∞ Axe of Woe
rCold    . . .     Gourm    .   (shield currently unavailable)
rNeg     . . .     Faith    .   b - +0 leather armour
rPois    .         Spirit   .   c - +0 helmet
rElec    .         Reflect  .   (no cloak)
rCorr    .         Harm     .   (no gloves)
MR       ++...     NoTele   +   (boots unavailable)
Stlth    +++++++++.             (no amulet)
HPRegen  0.51/turn              (no ring)
MPRegen  0.34/turn              (no ring)

@: no status effects
A: talons 3, large bone plates 3, demonic guardian 3, fire resistance 1, hurl
damnation, spiny 3, flame cloud immunity
a: Hurl Damnation, Minor Destruction, Lesser Servant of Makhleb, Major
Destruction, Greater Servant of Makhleb, Renounce Religion


You were in the Dungeon.
You worshipped Makhleb.
Makhleb was exalted by your worship.
You were not hungry.

You visited 1 branch

Inventory:

Hand Weapons
 a - a +0 war axe
 l - the +∞ Axe of Woe (weapon)
   (You found it in the Dungeon)
Missiles
 d - 3 throwing nets (quivered)
Armour
 b - a +0 leather armour (worn)
 c - a +0 helmet (worn)
Scrolls
 k - a scroll of blinking
Potions
 e - a potion of curing
 g - a potion of heal wounds
 h - a potion of haste
 i - 2 potions of magic
 j - a potion of berserk rage
Comestibles
 f - a ration


   Skills:
 O Level 27 Fighting
 O Level 27 Axes
 O Level 27 Throwing
 O Level 27 Armour
 O Level 27 Dodging
 O Level 27 Stealth
 O Level 27 Unarmed Combat
 O Level 27 Spellcasting
 O Level 27 Invocations


You had 80 spell levels left.
You didn't know any spells.

Dungeon Overview and Level Annotations

Branches:
Dungeon (1/1)

Altars:
Makhleb


Innate Abilities, Weirdness & Mutations

You have claws for feet.
You are completely covered in large bone plates. (SH +8)
A powerful demonic guardian rushes to your aid.
Your flesh is heat resistant. (rF+)
You can hurl damnation.
You are completely covered in sharp spines.
You are immune to clouds of flame.


Message History

You hear a shout! x5
Your reaper is engulfed in blazing flames.
The accursed gestures at you while chanting.
Something smites you!
* * * LOW HITPOINT WARNING * * *
Some corpses begin to drag themselves along the ground!
Some corpses meld into an agglomeration of writhing flesh!
The eight-headed meat hydra calls on the powers of darkness!
The eight-headed meat hydra convulses!
Your body is wracked with pain!
* * * LOW HITPOINT WARNING * * *
The bag of meat convulses! x2
You hear a shout!
The eight-headed meat hydra calls on the powers of darkness!
The eight-headed meat hydra convulses!
Your body is wracked with pain!
* * * LOW HITPOINT WARNING * * *
The bag of meat convulses! x2
You hear a shout!
The accursed gestures at you while chanting.
Something smites you!
You die...

..........###...V..
..#.......%_......
#.......#.....#
........#_)<._#..
#......)#)).).#...
..#.....)))_)......
......))D)###D.%...
.....###§§.)...###.
..... #2@§)%..#
L......#§§x%...#.
.......))xox......
.#......).)o%.....
...M...xxz.......
#..............##
....%#..%...M.#.
..............#
....##.#........


You could see 2 accurseds, 2 eight-headed meat hydras, a sculptor of flesh, a
small abomination, 2 bags of meat, 4 crawling corpses and a friendly reaper.

Vanquished Creatures
  Sigmund (D)
  2 hell beasts (D)
  2 greater mummies (D)
  A great orb of eyes (D)
  A wraith (D)
  14 vampire knights (D)
  25 ogres (D)
  5 two-headed ogres (D)
  2 liches (D)
  33 orcs (D)
  A phantom (D)
  4 skeletal warriors (D)
  7 small abominations (D)
  4 large abominations (D)
  6 crawling corpses (D)
108 creatures vanquished.

Vanquished Creatures (collateral kills)
  An ogre (D)
  2 crawling corpses (D)
3 creatures vanquished.

Vanquished Creatures (others)
  3 crawling corpses (D)
3 creatures vanquished.

Grand Total: 114 creatures vanquished

Notes
Turn   | Place    | Note
-------+----------+-------------------------------------------
     0 | D        | Found the +∞ Axe of Woe
     0 | D        | Fang the Demonspawn Gladiator began the quest for the Orb.
     0 | D        | Reached XP level 1. HP: 16/16 MP: 1/1
     3 | D        | Noticed a bag of meat
     4 | D        | Became a worshipper of Makhleb the Destroyer
     5 | D        | Noticed a bag of meat
     5 | D        | Killed a bag of meat
     5 | D        | Gained mutation: You are partially covered in sharp spines. [demonic ancestry]
     5 | D        | Reached XP level 2. HP: 43/43 MP: 2/2
     5 | D        | Gained mutation: You are partially covered in large bone plates. (SH +4) [demonic ancestry]
     5 | D        | Reached XP level 3. HP: 49/49 MP: 3/3
     5 | D        | Reached XP level 4. HP: 56/56 MP: 4/4
     5 | D        | Gained mutation: You are mostly covered in sharp spines. [demonic ancestry]
     5 | D        | Reached XP level 5. HP: 62/62 MP: 5/5
     5 | D        | Reached XP level 6. HP: 69/69 MP: 6/6
     5 | D        | Reached XP level 7. HP: 75/75 MP: 7/7
     5 | D        | Gained mutation: You have sharp toenails. [demonic ancestry]
     5 | D        | Reached XP level 8. HP: 82/82 MP: 8/8
     5 | D        | Reached XP level 9. HP: 88/88 MP: 9/9
     5 | D        | Reached XP level 10. HP: 95/95 MP: 10/10
     5 | D        | Reached XP level 11. HP: 101/101 MP: 11/11
     6 | D        | Noticed a bag of meat
     6 | D        | Noticed a bag of meat
     8 | D        | Killed a bag of meat
     8 | D        | Reached * piety under Makhleb
     8 | D        | Reached skill level 15 in Axes
     8 | D        | Reached skill level 15 in Throwing
     8 | D        | Reached skill level 15 in Dodging
     8 | D        | Gained mutation: A weak demonic guardian rushes to your aid. [demonic ancestry]
     8 | D        | Reached XP level 12. HP: 113/113 MP: 12/12
     9 | D        | Noticed a bag of meat
     9 | D        | Killed a bag of meat
     9 | D        | Gained mutation: You have razor-sharp toenails. [demonic ancestry]
     9 | D        | Reached XP level 13. HP: 122/122 MP: 13/13
    11 | D        | Noticed a bag of meat
    11 | D        | Killed a bag of meat
    11 | D        | Reached XP level 14. HP: 103/133 MP: 14/14
    11 | D        | Killed a bag of meat
    11 | D        | Reached ** piety under Makhleb
    13 | D        | Noticed a meat berserker
    13 | D        | Killed a bag of meat
    13 | D        | Gained mutation: You are mostly covered in large bone plates. (SH +6) [demonic ancestry]
    13 | D        | Reached XP level 15. HP: 144/144 MP: 15/15
    14 | D        | Noticed a meat berserker
    14 | D        | Killed a meat berserker
    15 | D        | Noticed a meat berserker
    17 | D        | Killed a meat berserker
    17 | D        | Reached *** piety under Makhleb
    17 | D        | Gained mutation: You are completely covered in sharp spines. [demonic ancestry]
    17 | D        | Reached XP level 16. HP: 111/159 MP: 16/16
    20 | D        | Killed a meat berserker
    20 | D        | Reached XP level 17. HP: 169/169 MP: 17/17
    22 | D        | Noticed a large bag of meat
    23 | D        | Noticed a meat berserker
    24 | D        | Noticed a large bag of meat
    24 | D        | Killed a large bag of meat
    25 | D        | Noticed a meat berserker
    26 | D        | Noticed a destroyer
    26 | D        | Killed a meat berserker
    26 | D        | Reached **** piety under Makhleb
    26 | D        | Reached skill level 27 in Fighting
    26 | D        | Gained mutation: You have claws for feet. [demonic ancestry]
    26 | D        | Reached XP level 18. HP: 182/182 MP: 18/18
    27 | D        | Noticed a meat berserker
    29 | D        | Killed a meat berserker
    29 | D        | Reached skill level 27 in Axes
    29 | D        | Reached skill level 27 in Throwing
    29 | D        | Reached skill level 27 in Dodging
    30 | D        | Reached ***** piety under Makhleb
    30 | D        | Reached XP level 19. HP: 189/189 MP: 19/19
    31 | D        | Reached skill level 27 in Stealth
    32 | D        | Killed a large bag of meat
    33 | D        | Gained mutation: A demonic guardian rushes to your aid. [demonic ancestry]
    33 | D        | Reached XP level 20. HP: 197/197 MP: 20/20
    34 | D        | Noticed a destroyer
    34 | D        | Killed a destroyer
    34 | D        | Reached skill level 27 in Armour
    34 | D        | Killed a meat berserker
    34 | D        | Reached ****** piety under Makhleb
    34 | D        | Gained mutation: Your flesh is heat resistant. (rF+) [demonic ancestry]
    34 | D        | Reached XP level 21. HP: 204/204 MP: 21/21
    35 | D        | Reached skill level 27 in Unarmed Combat
    36 | D        | Reached skill level 15 in Invocations
    38 | D        | Noticed a destroyer
    38 | D        | Killed a destroyer
    38 | D        | Reached skill level 27 in Invocations
    38 | D        | Gained mutation: You are immune to clouds of flame. [demonic ancestry]
    38 | D        | Reached XP level 22. HP: 212/212 MP: 21/47
    41 | D        | Noticed a large bag of meat
    41 | D        | Reached skill level 27 in Spellcasting
    43 | D        | Reached XP level 23. HP: 219/219 MP: 22/54
    48 | D        | Killed a destroyer
    49 | D        | Noticed a destroyer
    50 | D        | Noticed a destroyer
    50 | D        | Killed a destroyer
    50 | D        | Gained mutation: A powerful demonic guardian rushes to your aid. [demonic ancestry]
    50 | D        | Reached XP level 24. HP: 211/227 MP: 24/54
    50 | D        | Killed a large bag of meat
    52 | D        | Killed a destroyer
    52 | D        | Gained mutation: You can hurl damnation. [demonic ancestry]
    52 | D        | Reached XP level 25. HP: 234/234 MP: 25/54
    54 | D        | Noticed a destroyer
    54 | D        | Noticed a tyrant
    55 | D        | Noticed an accursed
    55 | D        | Noticed a destroyer
    57 | D        | Noticed a tyrant
    58 | D        | Noticed a destroyer
    60 | D        | Noticed a destroyer
    61 | D        | Killed a destroyer
    61 | D        | Reached XP level 26. HP: 242/242 MP: 27/54
    61 | D        | Noticed a meat beast
    64 | D        | Killed a meat beast
    64 | D        | Gained mutation: You are completely covered in large bone plates. (SH +8) [demonic ancestry]
    64 | D        | Reached XP level 27. HP: 64/249 MP: 28/54
    64 | D        | Killed a destroyer
    65 | D        | Killed a tyrant
    66 | D        | Noticed a large bag of meat
    66 | D        | Killed a destroyer
    68 | D        | Noticed a destroyer
    68 | D        | Killed a tyrant
    69 | D        | Noticed a dread
    70 | D        | Killed a destroyer
    70 | D        | Killed an accursed
    72 | D        | Noticed a destroyer
    72 | D        | Noticed a large bag of meat
    72 | D        | Noticed a destroyer
    72 | D        | Killed a large bag of meat
    74 | D        | Noticed The Captor
    76 | D        | Noticed an accursed
    76 | D        | Noticed a meat beast
    76 | D        | Killed a destroyer
    76 | D        | Killed a destroyer
    78 | D        | Noticed a destroyer
    79 | D        | Killed a dread
    81 | D        | Killed a large bag of meat
    82 | D        | Killed a meat beast
    83 | D        | Noticed a destroyer
    83 | D        | Noticed an accursed
    86 | D        | Killed a destroyer
    87 | D        | Killed The Captor
    88 | D        | Noticed an accursed
    89 | D        | Killed an accursed
    90 | D        | Killed a destroyer
    92 | D        | Noticed an accursed
    92 | D        | Killed a destroyer
    93 | D        | HP: 12/249 [accursed/divine providence (14)]
    93 | D        | HP: 5/249 [??? (2)]
    93 | D        | Killed from afar by an accursed

Skill      XL: |  1  2  3  4  5  6  7  8  9 10 11 12 13 14 15 16 17 18 19 20 21 22 |
---------------+-------------------------------------------------------------------+-----
Fighting       | 14 16 18 19 21 24 25 27 | 27.0
Axes           | 13 15 17 18 19 22 23 26 27 | 27.0
Throwing       | 13 15 16 18 19 22 23 26 27 | 27.0
Dodging        | 13 15 17 18 19 22 23 26 27 | 27.0
Stealth        | 24 27 | 27.0
Armour         | 23 27 | 27.0
Unarmed Combat | 23 27 | 27.0
Spellcasting   | 21 27 | 27.0
Invocations    | 27 | 27.0

Action                   |  1- 3 |  4- 6 |  7- 9 | 10-12 | 13-15 | 16-18 | 19-21 | 22-24 | 25-27 || total
-------------------------+-------+-------+-------+-------+-------+-------+-------+-------+-------++-------
Melee: Executioner's axe |     1 |       |       |     2 |     4 |     6 |     8 |     9 |    30 ||    60
 Stab: Distracted        |       |       |       |       |       |       |       |       |     1 ||     1
Armor: Leather armour    |       |       |       |       |       |       |       |     1 |     1 ||     2
Dodge: Dodged            |       |       |       |     1 |       |     1 |     1 |     1 |     6 ||    10
Block: Other             |       |       |       |       |       |       |       |     2 |     3 ||     5
